 Dungeon Crawl Stone Soup version 0.31-b1-20-g67cafac56d (webtiles) character file.

Game seed: 15827876167678157812

581 monsoonserge the Apothecary (level 7, -4/48 HPs)
             Began as a Merfolk Alchemist on Jan 16, 2024.
             Slain by an ogre
             ... wielding a +0 giant club
              (18 damage)
             ... on level 4 of the Dungeon on Jan 17, 2024.
             The game lasted 00:21:29 (4340 turns).

monsoonserge the Apothecary (Merfolk Alchemist)     Turns: 4340, Time: 00:21:29

Health: -4/48      AC:  4    Str:  8    XL:     7   Next: 36%
Magic:  5/13       EV: 13    Int: 17    God:
Gold:   201        SH:  0    Dex: 14    Spells: 4/14 levels left

rFire   . . .        n - +0 short sword
rCold   . . .        (no shield)
rNeg    . . .        a - +0 robe
rPois   .            (no helmet)
rElec   .            o - +0 cloak
rCorr   .            m - +0 pair of gloves
SInv    .            (no boots)
Will    .....        (no amulet)
Stlth   ++           (no ring)
HPRegen 0.28/turn    (no ring)
MPRegen 0.13/turn

%: no passive effects
@: no status effects
A: (nimble swimmer 2), mertail
a: no special abilities


You were on level 4 of the Dungeon.
You visited 1 branch of the dungeon, and saw 4 of its levels.
You also visited: Sewer.

You collected 201 gold pieces.

Inventory:

Hand Weapons
 n - a +0 short sword (weapon)
Missiles
 i - 11 poisoned darts
Armour
 a - a +0 robe (worn)
 m - a +0 pair of gloves (worn)
 o - a +0 cloak (worn)
Wands
 j - a wand of polymorph (13)
Scrolls
 c - 3 scrolls of poison {unknown}
 e - a scroll of teleportation {unknown}
 h - a scroll of enchant armour {unknown}
 k - a scroll of blinking
 l - a scroll of enchant weapon {unknown}
 p - a scroll of fog {unknown}
 r - a scroll of identify {unknown}
Potions
 b - a potion of magic
 d - a potion of attraction {unknown}
 f - a potion of heal wounds
 g - a potion of lignification {unknown}
 q - a potion of resistance {unknown}
 s - a potion of haste {unknown}


   Skills:
 + Level 1.4 Fighting
 + Level 2.3 Short Blades
 + Level 4.2 Dodging
 - Level 3.0 Stealth
 - Level 4.0 Spellcasting
 * Level 1.9 Conjurations
 * Level 1.5 Air Magic
 + Level 6.5 Alchemy


You had 4 spell levels left.
You knew the following spells:

 Your Spells              Type           Power      Damage    Failure   Level
a - Sting                 Conj/Alch      68%        1d7       2%          1
b - Mercury Vapours       Alch/Air       34%        N/A       4%          2
c - Olgreb's Toxic Radia  Alch           25%        N/A       11%         4
d - Mephitic Cloud        Conj/Alch/Air  14%        N/A       12%         3

Your spell library contained the following spells:

 Spells                   Type           Power      Damage    Failure   Level
 Shock                    Conj/Air       36%        1d5       8%          1
 Swiftness                Air            8%         N/A       26%         3
 Sticky Flame             Fire/Alch      14%        2d5       38%         4
 Airstrike                Air            4%         2d(1-17)  63%         4
 Anguish                  Hex/Necr       1%         N/A       83%         4
 Plasma Beam              Fire/Air       3%         2x1d13    100%        6
 Starburst                Conj/Fire      3%         6d3       100%        6


Dungeon Overview and Level Annotations

Branches:
Dungeon (4/15)              Sewer (visited)
 Temple: D:4-7

Altars:
Zin


Innate Abilities, Weirdness & Mutations

((You are very nimble when in or above water. (Stealth+, EV+, Speed+++)))
Your lower body shifts to a powerful aquatic tail in water.


Message History

The sting hits the ogre but does no damage.
The ogre looks even sicker.
The ogre is lightly wounded.
The ogre hits you with a +0 giant club!!
Ouch! That really hurt!
* * * LOW HITPOINT WARNING * * *
Casting: Sting (safe; 2% risk of failure)
Confirm with . or Enter, or press ? or * to list all spells.
Aiming: Sting (safe; 2% risk of failure)
Press: ? - help, Shift-Dir - straight line, f/p - endoplasm
Aim: an endoplasm (noxious fumes, weak, 98% to hit)
Okay, then.
The endoplasm attacks as it pursues you!
The endoplasm closely misses you.
You hit the endoplasm but do no damage.
Okay, then.
You hit the endoplasm.
The endoplasm is moderately wounded.
The endoplasm barely misses you.
You hit the endoplasm.
The endoplasm is heavily wounded.
The endoplasm hits you.
* * * LOW HITPOINT WARNING * * *
You hit the endoplasm.
You kill the endoplasm!
Aiming: Polymorph
Press: ? - help, Shift-Dir - straight line, f - ogre
Aim: an ogre, wielding a +0 giant club (moderately wounded, very poisoned, will become an acid dragon, a fire bat, or a tengu, chance to affect: 49%)
Okay, then.
Casting: Sting (safe; 2% risk of failure)
Confirm with . or Enter, or press ? or * to list all spells.
Aiming: Mephitic Cloud (dangerous; 12% risk of failure)
Press: ? - help, Shift-Dir - straight line, f - ogre
Aim: an ogre, wielding a +0 giant club (moderately wounded, very poisoned, chance to affect: 77%)
The ball explodes into a vile cloud!
The stinking cloud engulfs the ogre.
The ogre is moderately wounded.
The stinking cloud engulfs you.
You are engulfed in noxious fumes.
The ogre is engulfed in noxious fumes.
The ogre appears confused.
The ogre hits you with a +0 giant club!!
You die...

#....# ##.#
#....####### #..#
#..........#
####.##
#..........# #....#
#..†.......# #.####
####.###### ###.#
...#..# ##...#
...##.## #..###
...##..## #@##
...'†...## #O#
...###...#######§#
......#.....#....#
.#..#.#...........#
##.........>......#
......#...........#
.......#..........#
..................#


You could see an ogre (confused, very poisoned).

Vanquished Creatures
  A black bear (D:4)
  An ogre (D:4)
  A bullfrog (Sewer)
  An orc priest (D:4)
  A jelly (D:4)
  An iguana (D:4)
  An orc wizard (D:4)
  4 gnolls (D:2)
  8 adders
  12 dart slugs
  7 orcs
  7 endoplasms
  11 giant cockroaches
  4 goblins
  2 hobgoblins
  8 kobolds
  6 quokkas
  11 ball pythons
  8 bats
  10 frilled lizards
  5 rats
110 creatures vanquished.

Notes
Turn   | Place    | Note
-------+----------+-------------------------------------------
     0 | D:1      | monsoonserge the Merfolk Alchemist began the quest for the
                  | Orb.
     0 | D:1      | Reached XP level 1. HP: 13/13 MP: 3/3
   190 | D:1      | Reached skill level 1 in Conjurations
   246 | D:1      | Reached XP level 2. HP: 19/19 MP: 3/5
   324 | D:1      | Upgraded the game from 0.31-b1-18-g61460d1e46 to
                  | 0.31-b1-20-g67cafac56d
   750 | D:1      | Reached XP level 3. HP: 24/24 MP: 0/6
  1048 | D:2      | Reached skill level 5 in Alchemy
  1469 | D:1      | Learned a level 2 spell: Mercury Vapours
  1485 | D:2      | Found a glowing silver altar of Zin.
  1581 | D:2      | Reached skill level 1 in Short Blades
  1581 | D:2      | Reached XP level 4. HP: 23/31 MP: 0/7
  2174 | D:3      | Found a glowing drain.
  2261 | Sewer    | Entered a sewer
  2362 | Sewer    | Reached XP level 5. HP: 12/36 MP: 1/9
  2522 | Sewer    | Reached skill level 1 in Air Magic
  2650 | Sewer    | Got the Reference Book on the Volatile Charnel House
  2660 | Sewer    | Reached skill level 1 in Fighting
  2677 | Sewer    | Learned a level 4 spell: Olgreb's Toxic Radiance
  2681 | Sewer    | Learned a level 3 spell: Mephitic Cloud
  2764 | Sewer    | Reached XP level 6. HP: 43/43 MP: 8/10
  3242 | D:3      | Found a faded altar of an unknown god.
  3833 | D:4      | Noticed a black bear
  3841 | D:4      | Reached skill level 6 in Alchemy
  3852 | D:4      | Killed a black bear
  4025 | D:4      | Reached XP level 7. HP: 43/48 MP: 6/13
  4340 | D:4      | Slain by an ogre

Illustrated notes

Levels and vault maps discovered:
D:1:      kilobyte_arrival_exit_the_forest, layout_basic
D:2:      layout_basic, basic_altar
D:3:      layout_loops_ring, dreamdust_ecumenical_altar_statues,
          gup_sewer_entry_pipe, nicolae_kite_square_tiling_tiny,
          hangedman_decor_peaks_small, kennysheep_donut
D:4:      layout_basic

Skill      XL: |  1  2  3  4  5  6 |
---------------+-------------------+-----
Conjurations   | 1 |  1.9
Alchemy        | 5 6 |  6.5
Short Blades   | 1 2 |  2.3
Dodging        | 3 4 |  4.2
Stealth        | 3 |  3.0
Air Magic      | 1 |  1.5
Fighting       | 1 |  1.4
Spellcasting   | 3 4 |  4.0

Action                     |  1- 3 |  4- 6 |  7- 9 || total
---------------------------+-------+-------+-------++-------
  Melee: Dagger            |     5 |       |       ||     5
         Short sword       |    26 |   104 |    15 ||   145
         Punch             |     1 |     2 |       ||     3
         Tailslap          |       |     4 |       ||     4
   Cast: Sting             |    49 |   109 |    12 ||   170
         Mercury Vapours   |     1 |     5 |     1 ||     7
         Olgreb's Toxic Ra |       |     2 |       ||     2
         Mephitic Cloud    |       |       |     2 ||     2
    Use: Potion            |     1 |     2 |       ||     3
   Stab: Sleeping          |     3 |       |     2 ||     5
 Armour: Robe              |    19 |    75 |    14 ||   108
  Dodge: Dodged            |    28 |   102 |     5 ||   135
